 Dungeon Crawl Stone Soup version 0.24.0-29-g8ce449bc06 (webtiles) character file.

Game seed: 11245919711490202675, levelgen mode: deterministic

187062 lepoulpe303 the Brawler (level 17, -1/175 HPs)
             Began as a Troll Hunter on Nov 12, 2019.
             Was the Champion of Makhleb.
             Splashed with acid (5 damage)
             ... on level 2 of the Pits of Slime on Nov 15, 2019.
             The game lasted 03:25:38 (36024 turns).

lepoulpe303 the Brawler (Troll Hunter)             Turns: 36024, Time: 03:25:39

Health: -1/175     AC: 18    Str: 27    XL:     17   Next: 44%
Magic:  18/18      EV: 29    Int:  7    God:    Makhleb [******]
Gold:   2734       SH:  0    Dex: 12    Spells: 16/16 levels left

rFire    + . .     SeeInvis .     - Unarmed
rCold    + + .     Gourm    +   (no shield)
rNeg     . . .     Faith    .   b - +2 acid dragon scales
rPois    .         Spirit   .   (helmet restricted)
rElec    .         Reflect  .   O - scarf {rC+ rF+}
rCorr    +         Harm     .   (gloves unavailable)
MR       +....                  (boots unavailable)
Stlth    +.........             k - amulet of the acrobat
HPRegen  0.79/turn              E - +3 ring of protection
MPRegen  0.16/turn              I - ring of protection from cold

@: confused, acrobat
A: large, unfitting armour, claws 3, icy blue scales 1, large bone plates 1,
fast metabolism 3, gourmand, low mp 2, regeneration 1, shaggy fur 1, tough skin
3
}: 1/15 runes: decaying
a: Minor Destruction, Lesser Servant of Makhleb, Major Destruction, Greater
Servant of Makhleb, Renounce Religion


You were on level 2 of the Pits of Slime.
You worshipped Makhleb.
Makhleb was exalted by your worship.
You were not hungry.

You visited 5 branches of the dungeon, and saw 29 of its levels.
You also visited: Gauntlet and Ice Cave.

You collected 3417 gold pieces.
You spent 683 gold pieces at shops.

Inventory:

Missiles
 c - 2 large rocks {!d}
 G - 10 silver javelins
 M - 8 javelins
 Q - 4 atropa-tipped darts
 T - 16 poisoned darts
 Y - 4 boomerangs (quivered)
Armour
 a - a +2 cloak of invisibility
 b - +2 acid dragon scales (worn)
 y - a +2 cloak of magic resistance {MR+}
 C - a +2 cloak of cold resistance {rC+}
 J - +0 swamp dragon scales
 O - a scarf of resistance (worn)
Jewellery
 k - an amulet of the acrobat (around neck)
 E - a +3 ring of protection (left claw)
 I - a ring of protection from cold (right claw)
 N - an uncursed ring of positive energy {rN+}
 P - an uncursed ring of poison resistance
 S - an uncursed ring of see invisible
 W - a +4 ring of strength
 Z - a +3 ring of evasion
Wands
 f - a wand of disintegration (9)
 o - a wand of iceblast (19)
 r - a wand of clouds (8)
 A - a wand of polymorph (54)
 D - a wand of digging (3)
 F - a wand of acid (17)
 H - a wand of scattershot (7)
 L - a wand of flame (85)
 X - a wand of paralysis (21)
Scrolls
 g - a scroll of fear
 i - 2 scrolls of identify
 t - 7 scrolls of teleportation
 v - 4 scrolls of magic mapping {!r}
 w - 16 scrolls of remove curse
 R - a scroll of torment {!r}
 U - 2 scrolls of immolation {!r}
Potions
 d - 4 potions of might
 h - 6 potions of haste
 j - 5 potions of lignification {!q}
 l - 2 potions of heal wounds
 n - 4 potions of resistance
 q - 5 potions of curing
 s - 5 potions of agility
 u - a potion of berserk rage {!q}
 z - a potion of ambrosia
 B - 8 potions of flight
 K - a potion of cancellation
Miscellaneous
 m - a lamp of fire
 V - a fan of gales
Comestibles
 e - 22 rations


   Skills:
 + Level 12.6 Fighting
 + Level 11.6 Throwing
 + Level 4.9 Armour
 + Level 9.6 Dodging
 + Level 3.9 Stealth
 + Level 15.6 Unarmed Combat
 + Level 9.9 Invocations
 + Level 8.6 Evocations


You had 16 spell levels left.
You didn't know any spells.
Your spell library contained the following spells:

 Spells                   Type           Power        Failure   Level  Hunger
 Animate Skeleton         Necr           N/A          50%         1    ##.....
 Apportation              Tloc           #.....       50%         1    ##.....
 Confusing Touch          Hex            #.....       50%         1    ##.....
 Flame Tongue             Conj/Fire      #....        50%         1    ##.....
 Infusion                 Chrm           #...         50%         1    ##.....
 Magic Dart               Conj           #...         50%         1    ##.....
 Sting                    Conj/Pois      #...         50%         1    ##.....
 Summon Small Mammal      Summ           #...         50%         1    ##.....
 Ensorcelled Hibernation  Hex/Ice        #.....       63%         2    ###....
 Poisonous Vapours        Pois/Air       #.....       63%         2    ###....
 Searing Ray              Conj           #.....       63%         2    ###....
 Shroud of Golubria       Chrm/Tloc      #.....       63%         2    ###....
 Song of Slaying          Chrm           #.......     63%         2    ###....
 Throw Flame              Conj/Fire      #.....       63%         2    ###....
 Conjure Flame            Conj/Fire      #.......     86%         3    ####...
 Dazzling Spray           Conj/Hex       #.....       86%         3    ####...
 Inner Flame              Hex/Fire       #.......     86%         3    ####...
 Mephitic Cloud           Conj/Pois/Air  #.......     86%         3    ####...
 Regeneration             Chrm/Necr      #.........   86%         3    ####...
 Spectral Weapon          Hex/Chrm       #.......     86%         3    ####...
 Cause Fear               Hex            #.........   99%         4    #####..
 Force Lance              Conj/Tloc      #.......     99%         4    #####..
 Fulminant Prism          Conj/Hex       #.........   99%         4    #####..
 Iskenderun's Mystic Bla  Conj           #.......     99%         4    #####..
 Leda's Liquefaction      Hex/Erth       #.........   99%         4    #####..
 Olgreb's Toxic Radiance  Pois           #.......     99%         4    #####..
 Sticky Flame             Conj/Fire      #.......     99%         4    #####..
 Summon Lightning Spire   Summ/Air       #.......     99%         4    #####..
 Bolt of Magma            Conj/Fire/Erth #.........   100%        5    ######.
 Borgnjor's Vile Clutch   Necr/Erth      #.........   100%        5    ######.
 Fireball                 Conj/Fire      #.........   100%        5    ######.
 Silence                  Hex/Air        #.........   100%        5    ######.
 Venom Bolt               Conj/Pois      #.........   100%        5    ######.
 Yara's Violent Unravell  Hex/Tmut       #.........   100%        5    ######.
 Conjure Ball Lightning   Conj/Air       #.........   100%        6    #######
 Darkness                 Hex            #.........   100%        6    #######
 Deflect Missiles         Chrm/Air       #.........   100%        6    #######
 Iron Shot                Conj/Erth      #.........   100%        6    #######
 Shadow Creatures         Summ           N/A          100%        6    #######
 Statue Form              Tmut/Erth      #........    100%        6    #######
 Discord                  Hex            #.........   100%        8    #######
 Shatter                  Erth           #.........   100%        9    #######
 Tornado                  Air            #.........   100%        9    #######


Dungeon Overview and Level Annotations

Branches:
Dungeon (15/15)            Temple (0/1) D:7            Lair (6/6) D:10
  Swamp (4/4) Lair:2        Snake (0/4) Lair:2        Slime (2/5) Lair:5
    Orc (2/2) D:11            Elf (0/3) Orc:2        Vaults (0/5) D:13
 Depths (0/5) D:15          IceCv (visited)         Gauntlet (visited)

Altars:
Ashenzari
Cheibriados
Dithmenos
Elyvilon
Makhleb
Okawaru
Sif Muna
Uskayaw
Beogh

Shops:
D:10 ?   Orc:1 [   Orc:2 =([[

Annotations:
D:11 exclusion: orange crystal statue
Lair:4 exclusion: oklob plant


Innate Abilities, Weirdness & Mutations

You are too large for most types of armour.
You have claws for hands.
Your metabolism is lightning-fast.
You like to eat raw meat.
Your natural rate of healing is unusually fast.
You are covered in fur. (AC +1)
You have extremely tough skin. (AC +3)
You are partially covered in icy blue scales. (AC +2)
You are partially covered in large bone plates. (SH +4)
Your magical capacity is very low. (-20% MP)


Message History

* * * LOW HITPOINT WARNING * * *
The golden eye blinks at you.
You are more confused.
You take 21 damage, and have 17/175 hp.
You miss the golden eye.
You feel less invigorated.
The golden eye blinks!
The slime creature closely misses you. The slime creature hits you!
* * * LOW HITPOINT WARNING * * *
You take 6 damage, and have 11/175 hp.
You eviscerate the golden eye!!!
You kill the golden eye!
You feel better. The golden eye blinks at you.
You are more confused.
The golden eye blinks!
The slime creature hits you!
* * * LOW HITPOINT WARNING * * *
The slime creature completely misses you.
The slime creature barely misses you.
You take 7 damage, and have 4/175 hp.
You are splashed with acid.
You resist.
You die...

#.......#.........
#..#.............#
###........##..J...
##............#.....
#.........G..G......
#.........G.>.......
#..........J.......
##........<.J..#..
#..<.....GJ@.##
#........#ยง.#.....#
#...................
##....#......#..J...
###.......#.###....
#..#....... ...
..........## .
#.........#


You could see an azure jelly, 4 slime creatures, an eye of devastation and 3
golden eyes.

Levels and vault maps discovered:
D:1:      sevenhm_arrival_forest_fort_small_3, layout_basic
D:2:      layout_basic, first_ration, lemuel_blue_sif_altar
D:3:      lemuel_upstairs_altar, layout_loops_ring,
          nicolae_overflow_hidden_temple
D:4:      layout_basic, grunt_dithmenos_shadows
D:5:      layout_basic, uniq_menkaure, uniq_grinder
D:6:      layout_basic, uniq_duvessa, uniq_edmund
D:7:      layout_basic, minmay_temple_entry_from_below_a,
          uniq_crazy_yiuf_cottage
D:8:      layout_basic
D:9:      layout_roguey, the_bakery, hangedman_decor_opposing
D:10:     layout_basic, lair_entry_dummy, serial_shops, shop, serial_glass,
          glass_columns_a, glass_columns_a, small_chamber_with_monster,
          grunt_tough_drop
D:11:     layout_basic, orc_0_dummy, gauntlet_entry_generic,
          minmay_protected_statue
D:12:     layout_rooms, uniq_kirke
D:13:     minmay_slanted_spiral_squares, layout_gridville, david_vaults_4,
          special_room [special_room_orc], david_defended_altar_orc,
          uniq_maurice, uniq_erolcha, uniq_jorgrun
D:14:     layout_irregular_city, minmay_strange_pillars
D:15:     grunt_enter_depths_hoard, layout_irregular_city, elyvilon_altar_1
Lair:1:   layout_cave_pods, nicolae_volcano_entry_s_turn, basic_altar,
          serial_bayou_shore_b
Lair:2:   dragon1_lemuel, layout_cave_pods, minmay_swamp_entry_worms,
          minmay_snake_entry_spellcaster, lemuel_old_faithful
Lair:3:   layout_layer_cave
Lair:4:   layout_concentric_octagons, minmay_lair_oklob_bushes,
          chequers_serial_rivers_large_b
Lair:5:   wad_woods_04, layout_hall_layers, minmay_slime_entry_pillars,
          special_room [special_room_mythical_zoo], minivault_27,
          cheibrodos_lair_caveside_slide, uniq_urug, uniq_josephine
Lair:6:   minmay_lair_end_enchanted_forest, layout_regular_city,
          cheibrodos_lair_lostbears, uniq_rupert
Swamp:1:  layout_basic_swamp, portal_ice_cave_entry_pillars_1,
          evilmike_swamp_ruin_house_4, swamp_pool2, st_swamp_ruins_2
Swamp:2:  layout_basic_swamp, evilmike_swamp_ruin_rubble_2, swamp_pool1,
          hangedman_swamp_ravenous, uniq_roxanne
Swamp:3:  layout_basic_swamp, hangedman_swamp_pad, infiniplex_staircase_pool
Swamp:4:  swamp, layout_basic_swamp
Slime:1:  layout_caves
Slime:2:  layout_caves
Orc:1:    layout_diamond_mine, serial_shops, shop, nicolae_orc_lava_tube
Orc:2:    grunt_orc_community_town_hall, layout_diamond_mine,
          grunt_orc_community_big_house_1, grunt_orc_community_big_house_2,
          grunt_orc_community_house_2, grunt_orc_community_house_3,
          grunt_orc_community_house_3, grunt_orc_community_house_1,
          grunt_orc_community_house_3, basic_altar, mines1_david

Notes
Turn   | Place    | Note
-------+----------+-------------------------------------------
     0 | D:1      | lepoulpe303 the Troll Hunter began the quest for the Orb.
     0 | D:1      | Reached XP level 1. HP: 19/19 MP: 0/0
    72 | D:1      | Identified a +0 short sword
    95 | D:1      | Reached XP level 2. HP: 28/28 MP: 1/1
   108 | D:1      | Identified a +0 dagger
   149 | D:1      | Reached skill level 1 in Unarmed Combat
   193 | D:1      | Identified a +0 whip
   259 | D:1      | Identified a +0 club
   269 | D:1      | Identified a +0 dagger
   272 | D:1      | Reached skill level 2 in Fighting
   319 | D:1      | Identified a +1 cloak (You found it on level 1 of the
                  | Dungeon)
   409 | D:1      | Reached XP level 3. HP: 35/35 MP: 2/2
   761 | D:2      | Identified a +0 club
   761 | D:2      | Identified a +0 club
   769 | D:2      | Identified a +0 dagger
   963 | D:2      | Reached skill level 2 in Dodging
   963 | D:2      | Reached XP level 4. HP: 40/44 MP: 3/3
   964 | D:2      | Identified 3 scrolls of identify
   964 | D:2      | Identified an amulet of the acrobat (You found it on level
                  | 2 of the Dungeon)
  1071 | D:2      | Found a shimmering blue altar of Sif Muna.
  1174 | D:3      | Identified a +0 short sword
  1201 | D:3      | Identified a +3 mace
  1387 | D:3      | Identified a +0 dagger of venom
  1387 | D:3      | Identified a +0 robe
  1390 | D:3      | Reached skill level 1 in Stealth
  1390 | D:3      | Reached skill level 2 in Unarmed Combat
  1390 | D:3      | Identified a +0 mace
  1390 | D:3      | Identified a cursed +0 ring mail
  1393 | D:3      | Identified a +0 dagger
  1393 | D:3      | Identified a +0 robe
  1400 | D:3      | Reached skill level 4 in Throwing
  1414 | D:3      | HP: 9/44 [something/magic dart (4)]
  1419 | D:3      | Reached XP level 5. HP: 13/50 MP: 4/4
  1637 | D:3      | Found a snail-covered altar of Cheibriados.
  1637 | D:3      | Found a burning altar of Makhleb.
  2087 | D:3      | Found a shattered altar of Ashenzari.
  2087 | D:3      | Found an iron altar of Okawaru.
  2087 | D:3      | Found a hide-covered altar of Uskayaw.
  2115 | D:3      | Became a worshipper of Makhleb the Destroyer
  2134 | D:4      | Reached skill level 3 in Fighting
  2134 | D:4      | Reached XP level 6. HP: 56/61 MP: 5/5
  2173 | D:4      | Identified a +0 club
  2181 | D:4      | Identified a +0 hand axe
  2181 | D:4      | Identified a +0 leather armour
  2183 | D:4      | Identified a +0 flail
  2183 | D:4      | Identified a +0 robe
  2183 | D:4      | Identified a +0 dagger
  2183 | D:4      | Identified a +0 robe
  2184 | D:4      | Reached skill level 3 in Unarmed Combat
  2184 | D:4      | Identified a +1 dagger of speed
  2184 | D:4      | Identified a +0 scale mail
  2410 | D:4      | Identified a +0 club
  2410 | D:4      | Identified a +0 leather armour
  2413 | D:4      | Reached skill level 1 in Invocations
  2537 | D:4      | Identified a +0 giant spiked club
  2550 | D:4      | Identified a +0 giant club
  2561 | D:4      | Reached XP level 7. HP: 30/67 MP: 7/7
  2648 | D:4      | Found a shadowy altar of Dithmenos.
  2824 | D:5      | Entered Level 5 of the Dungeon
  2843 | D:5      | Reached skill level 2 in Invocations
  2853 | D:5      | Identified a +0 dagger
  2853 | D:5      | Identified a +0 robe
  2853 | D:5      | Identified a +0 hand axe
  2853 | D:5      | Identified a +0 club
  2853 | D:5      | Identified a +0 ring mail
  2853 | D:5      | Identified a +0 shortbow
  2854 | D:5      | Identified a +2 dagger of venom
  2854 | D:5      | Identified a +0 robe
  2970 | D:5      | Identified a +0 dagger
  2970 | D:5      | Identified a +0 robe
  2970 | D:5      | Identified a +0 leather armour
  2970 | D:5      | Identified a +0 hand axe
  2970 | D:5      | Identified a +0 dagger
  2970 | D:5      | Identified a +0 robe
  3107 | D:5      | Identified a +0 club
  3108 | D:5      | Identified a +0 short sword
  3108 | D:5      | Identified a +0 ring mail
  3113 | D:5      | Reached skill level 4 in Unarmed Combat
  3131 | D:4      | Reached * piety under Makhleb
  3199 | D:5      | Reached skill level 3 in Dodging
  3348 | D:5      | Reached skill level 4 in Fighting
  3558 | D:5      | Noticed Menkaure
  3561 | D:5      | Killed Menkaure
  3561 | D:5      | Reached skill level 3 in Invocations
  3561 | D:5      | Reached XP level 8. HP: 42/78 MP: 9/9
  3561 | D:5      | Identified a +0 club
  3626 | D:5      | Identified a +0 dagger
  3626 | D:5      | Identified a +0 robe
  3632 | D:5      | Reached skill level 2 in Stealth
  3702 | D:5      | Noticed Grinder
  3707 | D:5      | Paralysed by Grinder for 7 turns
  3715 | D:5      | Paralysed by Grinder for 2 turns
  3717 | D:5      | Killed Grinder
  4016 | D:6      | Identified a +0 rapier
  4016 | D:6      | Identified a +0 ring mail
  4016 | D:6      | Noticed Duvessa
  4016 | D:6      | Identified a +0 dagger
  4016 | D:6      | Identified a +0 robe
  4016 | D:6      | Noticed Dowan
  4019 | D:6      | Identified a +0 giant club
  4023 | D:6      | Killed Duvessa
  4023 | D:6      | Reached skill level 5 in Throwing
  4023 | D:6      | Reached skill level 5 in Unarmed Combat
  4035 | D:6      | Killed Dowan
  4099 | D:6      | Reached skill level 4 in Invocations
  4156 | D:6      | Identified a +0 dagger
  4156 | D:6      | Identified a +0 robe
  4156 | D:6      | Identified a +0 short sword
  4156 | D:6      | Identified a +0 dagger of venom
  4156 | D:6      | Identified a +0 robe
  4156 | D:6      | Identified a +0 dagger
  4156 | D:6      | Identified a +0 robe
  4157 | D:6      | Identified a +0 dagger
  4157 | D:6      | Identified a +0 robe
  4172 | D:6      | Reached ** piety under Makhleb
  4306 | D:6      | Identified a +0 flail of crushing
  4306 | D:6      | Identified a +0 leather armour
  4306 | D:6      | Noticed Edmund
  4317 | D:6      | Killed Edmund
  4317 | D:6      | Reached skill level 5 in Fighting
  4317 | D:6      | Reached XP level 9. HP: 88/88 MP: 11/11
  4676 | D:6      | Identified 3 potions of lignification
  4677 | D:6      | Identified 3 potions of mutation
  4678 | D:6      | Identified 3 potions of flight
  4679 | D:6      | Identified 3 potions of curing
  4680 | D:6      | Identified 2 potions of haste
  4681 | D:6      | Identified 2 potions of heal wounds
  4682 | D:6      | Identified a ring of teleportation (You found it on level 6
                  | of the Dungeon)
  4683 | D:6      | Identified 2 scrolls of remove curse
  4768 | D:7      | Identified a +0 dagger
  4768 | D:7      | Identified a +0 robe
  4771 | D:7      | Identified a +0 mace
  4771 | D:7      | Identified a +0 plate armour
  4773 | D:7      | Identified a +0 trident
  4777 | D:7      | Identified a +0 club
  4893 | D:6      | Gained mutation: You are frail. (-10% HP) [potion of
                  | mutation]
  4893 | D:6      | Gained mutation: You have an increased reservoir of magic.
                  | (+10% MP) [potion of mutation]
  4893 | D:6      | Gained mutation: You are partially covered in molten
                  | scales. (AC +2) [potion of mutation]
  4894 | D:6      | Lost mutation: You are frail. (-10% HP) [potion of
                  | mutation]
  4894 | D:6      | Lost mutation: You are partially covered in molten scales.
                  | (AC +2) [potion of mutation]
  4894 | D:6      | Lost mutation: You have an increased reservoir of magic.
                  | (+10% MP) [potion of mutation]
  4894 | D:6      | Gained mutation: Your magical capacity is low. (-10% MP)
                  | [potion of mutation]
  4894 | D:6      | Gained mutation: You are partially covered in icy blue
                  | scales. (AC +2) [potion of mutation]
  4894 | D:6      | Gained mutation: Your magical capacity is very low. (-20%
                  | MP) [potion of mutation]
  4894 | D:6      | Gained mutation: You are partially covered in large bone
                  | plates. (SH +4) [potion of mutation]
  5000 | D:7      | Identified a +0 hand axe
  5015 | D:7      | Identified a +0 falchion
  5015 | D:7      | Identified a +0 leather armour
  5147 | D:7      | Identified a cursed -3 flail
  5147 | D:7      | Identified a +0 ring mail
  5148 | D:7      | Identified a +0 dagger
  5148 | D:7      | Identified a +0 robe
  5149 | D:7      | Identified a +0 hand axe
  5219 | D:7      | Reached skill level 6 in Unarmed Combat
  5236 | D:7      | Found a staircase to the Ecumenical Temple.
  5276 | D:7      | Identified a +0 dagger
  5276 | D:7      | Identified a +0 scale mail
  5277 | D:7      | Identified a +0 flail
  5278 | D:7      | Identified a +0 scale mail
  5280 | D:7      | Identified a +0 mace
  5283 | D:7      | Identified a +0 dagger of distortion
  5283 | D:7      | Identified a +0 robe
  5459 | D:7      | Found a runed translucent door.
  5460 | D:7      | Identified a +3 quarterstaff of chaos
  5460 | D:7      | Identified a +2 cloak of invisibility
  5460 | D:7      | Noticed Crazy Yiuf
  5468 | D:7      | Killed Crazy Yiuf
  5577 | D:8      | Identified a +0 mace
  5578 | D:8      | Identified a +0 hand axe
  5579 | D:8      | Identified a +0 dagger
  5579 | D:8      | Identified a +0 leather armour
  5579 | D:8      | Identified a +0 leather armour
  5630 | D:8      | Reached skill level 4 in Dodging
  5666 | D:8      | Reached *** piety under Makhleb
  5841 | D:8      | Reached skill level 1 in Evocations
  5848 | D:8      | HP: 22/89 [killer bee (3)]
  6038 | D:8      | Identified a cursed -2 flail
  6038 | D:8      | Identified a +0 ring mail
  6039 | D:8      | Identified a +0 dagger
  6039 | D:8      | Identified a +0 robe
  6529 | D:9      | Identified a +0 dagger
  6529 | D:9      | Identified a +0 robe
  6529 | D:9      | Identified a +0 dagger
  6529 | D:9      | Identified a +0 robe
  6529 | D:9      | Identified a +2 war axe of chopping
  6566 | D:9      | Identified a +0 giant spiked club
  6566 | D:9      | Identified a cursed -3 giant spiked club
  6566 | D:9      | Noticed a two-headed ogre
  6728 | D:9      | Identified a +0 flail
  6728 | D:9      | Identified a +0 mace of protection
  6728 | D:9      | Identified a +0 ring mail
  6732 | D:9      | Identified a +0 club
  6732 | D:9      | Identified a +0 leather armour
  6753 | D:9      | Identified a +1 dagger of protection
  6753 | D:9      | Identified a cursed -2 robe
  6800 | D:9      | Identified a +0 ring mail
  6801 | D:9      | Identified a +1 trident of venom
  6801 | D:9      | Identified a +0 ring mail
  6803 | D:9      | Identified a +2 hand axe of electrocution
  6819 | D:9      | Reached skill level 6 in Fighting
  6942 | D:9      | Identified a +0 giant spiked club
  6948 | D:9      | Reached skill level 2 in Evocations
  6959 | D:9      | Reached XP level 10. HP: 98/98 MP: 9/9
  6978 | D:9      | Killed a two-headed ogre
  6978 | D:9      | Reached skill level 7 in Unarmed Combat
  6978 | D:9      | Reached skill level 5 in Invocations
  6981 | D:9      | Reached skill level 6 in Throwing
  7145 | D:9      | Identified a +0 giant spiked club
  7253 | D:9      | Identified a cursed -2 scimitar
  7253 | D:9      | Identified a +0 chain mail
  7253 | D:9      | Identified a +0 club
  7253 | D:9      | Identified a +0 dagger
  7253 | D:9      | Identified a +0 robe
  7261 | D:9      | Reached **** piety under Makhleb
  7295 | D:9      | Identified a +1 short sword of draining
  7371 | D:9      | Identified a +0 dagger
  7371 | D:9      | Identified a +0 robe
  7377 | D:9      | Reached skill level 3 in Evocations
  7527 | D:10     | Entered Level 10 of the Dungeon
  7585 | D:10     | Found a staircase to the Lair.
  7671 | D:10     | Identified a ring of dexterity (You found it on level 10 of
                  | the Dungeon)
  7675 | D:10     | Identified 2 potions of might
  7676 | D:10     | Identified 3 potions of agility
  7677 | D:10     | Identified a potion of degeneration
  7679 | D:10     | Identified a potion of berserk rage
  7734 | D:10     | Found Cywagg's Magic Scroll Shop.
  7737 | D:10     | Identified a +0 trident
  7743 | D:10     | Bought a scroll of teleportation for 39 gold pieces
  7747 | D:10     | Identified a +0 whip
  7749 | D:10     | Identified a +0 flail
  7749 | D:10     | Identified a +0 ring mail
  7938 | D:10     | Identified a +1 shortbow of flaming
  8105 | D:10     | Noticed a black mamba
  8106 | D:10     | Identified a +0 longbow
  8106 | D:10     | Noticed a centaur warrior
  8121 | D:10     | Identified a +0 whip
  8121 | D:10     | Identified a +0 leather armour
  8124 | D:10     | Identified a +0 mace
  8124 | D:10     | Identified a +0 plate armour
  8129 | D:10     | Identified a +0 hand axe
  8174 | D:10     | Killed a centaur warrior
  8174 | D:10     | Reached skill level 7 in Fighting
  8174 | D:10     | Reached skill level 8 in Unarmed Combat
  8326 | D:10     | Identified a +0 morningstar
  8326 | D:10     | Identified a +0 leather armour
  8510 | D:10     | Reached skill level 5 in Dodging
  8556 | D:10     | Reached XP level 11. HP: 109/109 MP: 11/11
  8631 | D:10     | Upgraded the game from 0.24.0-28-g17ded55e90 to
                  | 0.24.0-29-g8ce449bc06
  8631 | D:10     | Identified 3 scrolls of magic mapping
  8632 | D:10     | Identified 3 scrolls of enchant weapon
  8639 | Lair:1   | Entered Level 1 of the Lair of Beasts
  8790 | Lair:1   | Reached skill level 4 in Evocations
  8959 | Lair:1   | Found a burning altar of Makhleb.
  9071 | Lair:1   | Found a dark tunnel.
  9642 | Lair:2   | Found a staircase to the Swamp.
  9658 | Lair:2   | Noticed a six-headed hydra
  9661 | Lair:2   | Killed a six-headed hydra
  9798 | Lair:2   | Found a staircase to the Snake Pit.
  9823 | Lair:2   | Reached skill level 6 in Invocations
  9904 | Lair:2   | Noticed a catoblepas
  9965 | Lair:2   | Killed a catoblepas
 10494 | Lair:2   | Reached skill level 9 in Unarmed Combat
 10512 | Lair:2   | Noticed a fire dragon
 10525 | Lair:2   | Killed a fire dragon
 10525 | Lair:2   | Reached skill level 7 in Throwing
 10837 | Lair:2   | Reached skill level 5 in Evocations
 10884 | Lair:2   | Identified 7 scrolls of immolation
 10952 | Lair:3   | Reached skill level 8 in Fighting
 10963 | Lair:3   | Noticed a seven-headed hydra
 11007 | Lair:3   | Killed a seven-headed hydra
 11052 | Lair:3   | Reached XP level 12. HP: 119/119 MP: 12/12
 12024 | Lair:4   | Noticed a four-headed hydra
 12039 | Lair:4   | Noticed an eight-headed hydra
 12048 | Lair:4   | Killed an eight-headed hydra
 12178 | Lair:4   | Reached skill level 6 in Dodging
 12797 | Lair:4   | Reached skill level 10 in Unarmed Combat
 13379 | Lair:4   | Identified a ring of protection (You found it on level 4 of
                  | the Lair of Beasts)
 13386 | Lair:4   | Killed a four-headed hydra
 13386 | Lair:4   | Reached skill level 6 in Evocations
 13441 | Lair:5   | Identified a +0 dagger
 13441 | Lair:5   | Identified a +0 robe
 13441 | Lair:5   | Noticed Josephine
 13479 | Lair:5   | Killed Josephine
 13479 | Lair:5   | Reached skill level 7 in Invocations
 13537 | Lair:5   | Reached skill level 9 in Fighting
 13589 | Lair:5   | Identified 2 potions of magic
 13590 | Lair:5   | Identified 2 potions of cancellation
 13601 | Lair:5   | Identified a scarf of resistance (You found it on level 5
                  | of the Lair of Beasts)
 13656 | Lair:5   | Identified a +7 great sword
 13656 | Lair:5   | Identified a +0 ring mail
 13656 | Lair:5   | Noticed Urug
 13707 | Lair:5   | Reached ***** piety under Makhleb
 13716 | Lair:5   | Found a staircase to the Slime Pits.
 14055 | Lair:5   | Reached skill level 8 in Throwing
 14059 | Lair:5   | Reached XP level 13. HP: 79/131 MP: 10/13
 14382 | Lair:5   | Killed Urug
 14514 | Lair:5   | Reached skill level 11 in Unarmed Combat
 15091 | Lair:5   | Identified a cursed -3 rapier
 15091 | Lair:5   | Identified a +0 robe
 15121 | Lair:5   | Identified a ring of evasion (You found it on level 5 of
                  | the Lair of Beasts)
 15185 | Lair:6   | Entered Level 6 of the Lair of Beasts
 15457 | Lair:5   | HP: 25/133 [death yak (25)]
 15762 | Lair:6   | Reached skill level 7 in Dodging
 15850 | Lair:5   | Reached skill level 10 in Fighting
 16188 | Lair:6   | Reached skill level 8 in Invocations
 16250 | Lair:6   | Identified a +0 battleaxe of flaming
 16250 | Lair:6   | Identified a +3 scale mail of fire resistance
 16250 | Lair:6   | Noticed Rupert
 16474 | Lair:6   | Paralysed by Rupert for 6 turns
 16484 | Lair:6   | HP: 33/133 [Rupert/+0 battleaxe of flaming (17)]
 16490 | Lair:6   | HP: 22/133 [Rupert/+0 battleaxe of flaming (13)]
 16496 | Lair:6   | HP: 21/133 [poisoned by a spiny frog]
 16692 | Lair:6   | Paralysed by Rupert for 2 turns
 16731 | Lair:6   | Killed Rupert
 16731 | Lair:6   | Reached skill level 7 in Evocations
 16901 | Lair:6   | Reached XP level 14. HP: 144/144 MP: 15/15
 17030 | Lair:6   | Identified a +0 dagger
 17030 | Lair:6   | Identified a cursed +0 robe
 17030 | Lair:6   | Identified a +0 buckler
 17044 | Lair:6   | Identified a +0 spear
 17044 | Lair:6   | Identified a +0 buckler
 17186 | Lair:6   | Identified a +0 short sword
 17186 | Lair:6   | Identified a +0 robe
 17186 | Lair:6   | Identified a +0 buckler
 17215 | Lair:6   | Reached skill level 12 in Unarmed Combat
 17248 | Lair:6   | Reached ****** piety under Makhleb
 17322 | Lair:6   | Identified a +0 short sword
 17322 | Lair:6   | Identified a +0 robe
 17322 | Lair:6   | Identified a +0 buckler
 17323 | Lair:6   | Identified a +3 dagger
 17323 | Lair:6   | Identified a cursed -2 robe
 17339 | Lair:6   | Identified a +0 dagger
 17339 | Lair:6   | Identified a +0 robe
 17353 | Lair:6   | Identified a +0 short sword
 17353 | Lair:6   | Identified a +0 robe
 17423 | Lair:6   | Identified a +0 rapier
 17423 | Lair:6   | Identified a +0 robe
 17558 | Lair:6   | Identified a +0 dagger
 17558 | Lair:6   | Identified a +0 robe
 17558 | Lair:6   | Identified a +0 buckler
 17786 | Lair:6   | Reached skill level 9 in Throwing
 17893 | Lair:6   | Identified a +0 short sword
 17893 | Lair:6   | Identified a +0 robe
 17893 | Lair:6   | Identified a +0 rapier
 17893 | Lair:6   | Identified a +0 robe
 17893 | Lair:6   | Identified a +2 buckler
 18025 | Lair:6   | Identified an uncursed ring of see invisible
 18077 | Lair:6   | Identified a +0 spear
 18340 | D:11     | Found the cursed necklace of Bloodlust {*Rage +Rage MR++
                  | Int-3 Slay+6 *Curse}
 18346 | D:11     | Found a gate leading to a gauntlet.
 18378 | Gauntlet | Entered a Gauntlet
 18378 | Gauntlet | Found a transporter.
 18378 | Gauntlet | Found a transporter.
 18378 | Gauntlet | Found a runed translucent gate.
 18380 | Gauntlet | Found a runed translucent gate.
 18380 | Gauntlet | Found a transporter.
 18380 | Gauntlet | Found a transporter.
 18381 | Gauntlet | Found a runed translucent gate.
 18384 | Gauntlet | Found a transporter.
 18384 | Gauntlet | Found a transporter.
 18418 | Gauntlet | Found a transporter.
 18421 | Gauntlet | Found a transporter.
 18423 | Gauntlet | Identified a +0 dire flail
 18423 | Gauntlet | Identified a +0 mace
 18428 | Gauntlet | Identified a +0 flail
 18429 | Gauntlet | Found a transporter.
 18444 | Gauntlet | Identified a +0 morningstar
 18445 | Gauntlet | Found a transporter.
 18445 | Gauntlet | Noticed a cacodemon
 18461 | Gauntlet | Found a transporter.
 18465 | Gauntlet | Found a transporter.
 18467 | Gauntlet | Found a runed translucent door.
 18469 | Gauntlet | Found a runed translucent door.
 18812 | D:11     | Found a staircase to the Orcish Mines.
 19883 | D:11     | Identified a +2 battleaxe of chopping
 19883 | D:11     | Identified a +0 chain mail
 19883 | D:11     | Identified a +0 dagger
 19907 | D:11     | Identified a ring of flight (You found it on level 11 of
                  | the Dungeon)
 19909 | D:11     | Lost intelligence.
 19909 | D:11     | Identified a ring of intelligence (You found it on level 11
                  | of the Dungeon)
 19918 | D:11     | Identified a +0 dagger
 19918 | D:11     | Identified a +0 robe
 19934 | D:11     | Identified a +0 leather armour
 20044 | D:12     | Identified a +0 giant club
 20067 | D:12     | Identified a ring of poison resistance (You found it on
                  | level 12 of the Dungeon)
 20144 | D:12     | Noticed Kirke
 20251 | D:12     | Killed Kirke
 20555 | D:12     | Reached skill level 11 in Fighting
 20651 | D:12     | Identified a +0 dagger
 20651 | D:12     | Identified a +0 robe
 20651 | D:12     | Identified a +0 short sword
 20651 | D:12     | Identified a +0 ring mail
 20652 | D:12     | Identified a +0 mace
 20652 | D:12     | Identified a +0 dagger
 20652 | D:12     | Identified a +0 robe
 20777 | D:12     | Identified a +1 robe of magic resistance (You found it on
                  | level 11 of the Dungeon)
 20807 | D:13     | Identified a +0 whip
 20807 | D:13     | Identified a +0 hand crossbow
 20807 | D:13     | Identified a +0 whip
 20807 | D:13     | Identified a +0 short sword
 20846 | D:13     | Identified a +0 shortbow
 20896 | D:13     | Identified a +0 shortbow
 20898 | D:13     | Identified a +0 shortbow
 20945 | D:13     | Identified a +0 dire flail
 20945 | D:13     | Identified a +0 great mace
 20945 | D:13     | Identified a +0 war axe
 20945 | D:13     | Identified a +0 chain mail
 21074 | D:13     | Found a gate to the Vaults.
 21117 | D:13     | Identified +0 acid dragon scales
 21220 | Orc:1    | Entered Level 1 of the Orcish Mines
 21220 | Orc:1    | Found Ajioh's Armour Shoppe.
 21394 | Orc:1    | Identified a cursed +0 dire flail
 21394 | Orc:1    | Identified a +0 dire flail
 21394 | Orc:1    | Identified a +0 scimitar
 21394 | Orc:1    | Identified a +0 plate armour
 21395 | Orc:1    | Identified a +0 whip
 21514 | Orc:1    | Identified a cursed -3 dagger
 21514 | Orc:1    | Identified a +0 robe
 21518 | Orc:1    | Identified a +0 mace
 21519 | Orc:1    | Identified a +0 flail
 21519 | Orc:1    | Identified a +0 leather armour
 21520 | Orc:1    | Identified a +0 hand axe
 21521 | Orc:1    | Identified a +0 long sword
 21521 | Orc:1    | Identified a +0 chain mail
 21524 | Orc:1    | Identified a +1 dagger of freezing
 21646 | Orc:1    | Identified a +2 vampiric war axe
 21646 | Orc:1    | Identified a +0 plate armour
 21648 | Orc:1    | Identified a +0 mace
 21648 | Orc:1    | Identified a +0 leather armour
 21648 | Orc:1    | Identified a +2 antimagic long sword
 21648 | Orc:1    | Identified a +0 plate armour
 21648 | Orc:1    | Identified a +0 dagger
 21648 | Orc:1    | Identified a +0 robe
 21682 | Orc:1    | Identified a +0 short sword
 21689 | Orc:1    | Identified a +0 halberd
 21689 | Orc:1    | Identified a +0 plate armour
 21695 | Orc:1    | Identified a +0 giant club
 21695 | Orc:1    | Identified a +0 giant club
 21701 | Orc:1    | Identified a +0 giant club
 21717 | Orc:1    | Identified a +0 hand axe
 21717 | Orc:1    | Identified a cursed +0 plate armour
 21717 | Orc:1    | Identified a +0 flail
 21718 | Orc:1    | Identified a +0 giant club
 21721 | Orc:1    | Identified a +0 war axe
 21726 | Orc:1    | Identified a +0 club
 21726 | Orc:1    | Identified a +0 leather armour
 21786 | Orc:1    | Identified a +0 morningstar
 21932 | Orc:1    | Identified a +0 dagger
 21932 | Orc:1    | Identified a cursed +0 robe
 21936 | Orc:1    | Identified a +0 flail
 21936 | Orc:1    | Identified a +0 club
 21936 | Orc:1    | Identified a +0 mace
 21936 | Orc:1    | Identified a +0 plate armour
 21937 | Orc:1    | Identified a +0 battleaxe
 21937 | Orc:1    | Identified a +0 plate armour
 21940 | Orc:1    | Identified a +0 war axe
 21941 | Orc:1    | Identified a cursed +0 dagger
 21941 | Orc:1    | Identified a +0 robe
 21943 | Orc:1    | Identified a +1 vampiric whip
 21943 | Orc:1    | Identified a +0 leather armour
 22277 | Orc:1    | Identified a potion of brilliance
 22278 | Orc:1    | Identified 2 scrolls of vulnerability
 22279 | Orc:1    | Identified 2 scrolls of fear
 22301 | Orc:2    | Entered Level 2 of the Orcish Mines
 22363 | Orc:2    | Identified a +0 flail
 22363 | Orc:2    | Identified a +0 chain mail
 22363 | Orc:2    | Identified a +0 war axe
 22390 | Orc:2    | Found a roughly hewn altar of Beogh.
 22470 | Orc:2    | Found a roughly hewn altar of Beogh.
 22470 | Orc:2    | Identified a +0 dagger
 22470 | Orc:2    | Identified a +0 robe
 22470 | Orc:2    | Identified a +0 scimitar
 22470 | Orc:2    | Identified a +0 plate armour
 22470 | Orc:2    | Identified a +0 trident
 22470 | Orc:2    | Identified a +0 plate armour
 22470 | Orc:2    | Identified a +0 hand axe
 22470 | Orc:2    | Identified a +0 falchion
 22470 | Orc:2    | Identified a +0 leather armour
 22470 | Orc:2    | Identified a +0 dagger
 22470 | Orc:2    | Identified a +0 dagger
 22470 | Orc:2    | Identified a +0 battleaxe
 22470 | Orc:2    | Identified a +0 plate armour
 22470 | Orc:2    | Identified a +0 great sword
 22470 | Orc:2    | Identified a +2 arbalest of velocity
 22470 | Orc:2    | Identified a +0 plate armour
 22476 | Orc:2    | Reached skill level 9 in Invocations
 22481 | Orc:2    | Found Zopnely's Jewellery Emporium.
 22551 | Orc:2    | Reached skill level 1 in Armour
 22566 | Orc:2    | Identified a +0 mace
 22566 | Orc:2    | Identified a +0 dire flail
 22566 | Orc:2    | Identified a +0 plate armour
 22582 | Orc:2    | Identified a +0 flail
 22583 | Orc:2    | Identified a +0 trident
 22616 | Orc:2    | Identified a +0 dagger
 22616 | Orc:2    | Identified a +0 robe
 22633 | Orc:2    | Found a roughly hewn altar of Beogh.
 22634 | Orc:2    | Identified a +0 war axe
 22635 | Orc:2    | Identified a +0 dagger
 22635 | Orc:2    | Identified a +0 robe
 22733 | Orc:2    | Identified a +0 club
 22733 | Orc:2    | Identified a +0 ring mail
 22733 | Orc:2    | Identified a +0 short sword
 22745 | Orc:2    | Found a roughly hewn altar of Beogh.
 22745 | Orc:2    | Identified a +0 trident
 22745 | Orc:2    | Identified a +0 mace
 22745 | Orc:2    | Identified a +0 chain mail
 22745 | Orc:2    | Identified a +0 mace
 22745 | Orc:2    | Identified a +0 ring mail
 22749 | Orc:2    | Identified a +0 great mace
 22749 | Orc:2    | Identified a +0 plate armour
 22760 | Orc:2    | Identified a +0 leather armour
 22778 | Orc:2    | Identified a +0 mace
 22778 | Orc:2    | Identified a +0 chain mail
 22901 | Orc:2    | Found Ciolusecs's Armour Shop.
 22977 | Orc:2    | Reached skill level 13 in Unarmed Combat
 22989 | Orc:2    | Identified a +0 hand axe
 22989 | Orc:2    | Identified a cursed +0 chain mail
 22989 | Orc:2    | Identified a +0 dagger
 22989 | Orc:2    | Identified a +0 mace
 22989 | Orc:2    | Identified a +0 plate armour
 22989 | Orc:2    | Identified a +0 hand axe
 22990 | Orc:2    | Identified a +3 long sword of slicing
 22990 | Orc:2    | Identified a +0 plate armour
 22990 | Orc:2    | Noticed an orc warlord
 22990 | Orc:2    | Identified a +0 long sword
 22990 | Orc:2    | Identified a +0 plate armour
 23018 | Orc:2    | Identified a +0 hand axe
 23032 | Orc:2    | Identified a +0 club
 23032 | Orc:2    | Identified a +0 ring mail
 23036 | Orc:2    | Killed an orc warlord
 23036 | Orc:2    | Reached XP level 15. HP: 148/154 MP: 14/16
 23078 | Orc:2    | Identified a +0 flail
 23078 | Orc:2    | Identified a +0 scale mail
 23080 | Orc:2    | Identified a +0 flail
 23083 | Orc:2    | Found a roughly hewn altar of Beogh.
 23083 | Orc:2    | Identified a +0 hand axe
 23083 | Orc:2    | Identified a +0 club
 23083 | Orc:2    | Identified a +0 short sword
 23083 | Orc:2    | Identified a +0 dagger
 23083 | Orc:2    | Identified a +0 robe
 23083 | Orc:2    | Identified a +0 dagger
 23083 | Orc:2    | Identified a +0 robe
 23085 | Orc:2    | Identified a +0 trident
 23085 | Orc:2    | Identified a +0 chain mail
 23093 | Orc:2    | Identified a +0 dagger
 23096 | Orc:2    | Identified a +3 hand axe
 23160 | Orc:2    | Found a roughly hewn altar of Beogh.
 23160 | Orc:2    | Identified a +0 war axe
 23160 | Orc:2    | Identified a +0 mace
 23160 | Orc:2    | Identified a +0 leather armour
 23160 | Orc:2    | Identified a +0 whip
 23160 | Orc:2    | Identified a +0 dire flail
 23160 | Orc:2    | Identified a cursed +0 chain mail
 23160 | Orc:2    | Identified a +0 mace
 23236 | Orc:2    | Identified a +0 giant club
 23276 | Orc:2    | Identified a +0 dire flail
 23276 | Orc:2    | Identified a +0 chain mail
 23279 | Orc:2    | Identified a cursed -3 hand axe
 23279 | Orc:2    | Identified a +0 chain mail
 23283 | Orc:2    | Identified a +0 flail
 23283 | Orc:2    | Identified a +0 leather armour
 23292 | Orc:2    | Identified a +0 dagger of venom
 23292 | Orc:2    | Identified a +0 scale mail
 23293 | Orc:2    | Identified a +0 club
 23294 | Orc:2    | Identified a +0 dagger
 23294 | Orc:2    | Identified a +0 robe
 23294 | Orc:2    | Identified a +0 flail
 23294 | Orc:2    | Identified a +0 club
 23294 | Orc:2    | Identified a +0 short sword
 23294 | Orc:2    | Identified a +2 chain mail of magic resistance
 23294 | Orc:2    | Identified a +0 dire flail
 23294 | Orc:2    | Identified a +0 plate armour
 23295 | Orc:2    | Identified a +0 dire flail
 23295 | Orc:2    | Identified a +0 plate armour
 23295 | Orc:2    | Identified a +0 club
 23296 | Orc:2    | Identified a cursed -1 club
 23312 | Orc:2    | Identified a +0 short sword
 23322 | Orc:2    | Identified a +0 flail
 23322 | Orc:2    | Identified a +0 plate armour
 23352 | Orc:2    | Identified a +0 long sword
 23352 | Orc:2    | Identified a +0 plate armour
 23353 | Orc:2    | Identified a +0 battleaxe
 23353 | Orc:2    | Identified a +0 plate armour
 23356 | Orc:2    | Identified a +0 club
 23358 | Orc:2    | Identified a +0 club
 23358 | Orc:2    | Identified a +0 leather armour
 23358 | Orc:2    | Identified a +0 club
 23359 | Orc:2    | Identified a +0 trident
 23359 | Orc:2    | Identified a +0 ring mail
 23360 | Orc:2    | Identified a +1 war axe of draining
 23360 | Orc:2    | Identified a +0 plate armour
 23360 | Orc:2    | Identified a +0 giant club
 23360 | Orc:2    | Identified a +0 whip
 23360 | Orc:2    | Identified a +0 short sword
 23361 | Orc:2    | Identified a +1 mace of crushing
 23361 | Orc:2    | Identified a +0 chain mail
 23361 | Orc:2    | Identified a +0 mace
 23361 | Orc:2    | Identified a +0 chain mail
 23363 | Orc:2    | Identified a +0 hand axe
 23363 | Orc:2    | Identified a +0 ring mail
 23364 | Orc:2    | Identified a +0 dire flail
 23364 | Orc:2    | Identified a cursed +0 chain mail
 23364 | Orc:2    | Identified a +0 war axe
 23364 | Orc:2    | Identified a +0 leather armour
 23426 | Orc:2    | Identified a +0 dagger
 23426 | Orc:2    | Identified a +0 robe
 23442 | Orc:2    | Identified a +0 flail
 23443 | Orc:2    | Identified a +0 mace
 23443 | Orc:2    | Identified a +0 chain mail
 23444 | Orc:2    | Identified a +2 dagger of electrocution
 23444 | Orc:2    | Identified a +0 robe
 23445 | Orc:2    | Identified a +0 flail
 23453 | Orc:2    | Identified a +0 trident
 23453 | Orc:2    | Identified a +0 leather armour
 23481 | Orc:2    | Identified a +0 dagger
 23481 | Orc:2    | Identified a +0 robe
 23482 | Orc:2    | Identified a +0 battleaxe
 23482 | Orc:2    | Identified a +0 chain mail
 23484 | Orc:2    | Identified a +0 short sword
 23484 | Orc:2    | Identified a +0 ring mail
 23536 | Orc:2    | Identified a +2 chain mail of fire resistance
 23536 | Orc:2    | Identified a +0 long sword
 23536 | Orc:2    | Identified a +0 chain mail
 23607 | Orc:2    | Identified a +0 flail
 23651 | Orc:2    | Found a staircase to the Elven Halls.
 23676 | Orc:2    | Identified a +0 halberd
 23676 | Orc:2    | Identified a +0 chain mail
 23687 | Orc:2    | Identified a +0 short sword
 23687 | Orc:2    | Identified a +0 ring mail
 23691 | Orc:2    | Found a roughly hewn altar of Beogh.
 23703 | Orc:2    | Identified a +0 dagger
 23703 | Orc:2    | Identified a +0 robe
 23727 | Orc:2    | Identified a +0 war axe
 23731 | Orc:2    | Identified a +1 war axe
 23731 | Orc:2    | Identified a +0 plate armour
 23731 | Orc:2    | Noticed an orc warlord
 23748 | Orc:2    | Killed an orc warlord
 23794 | Orc:2    | Found a roughly hewn altar of Beogh.
 23884 | Orc:2    | Identified a +0 scimitar
 23884 | Orc:2    | Identified a +0 chain mail
 23886 | Orc:2    | Found Kiru's Antique Weapon Shoppe.
 23895 | Orc:2    | Found a roughly hewn altar of Beogh.
 23899 | Orc:2    | Found Vylesewn's Antique Armour Emporium.
 23979 | Orc:2    | Bought a +3 ring of evasion for 294 gold pieces
 24138 | D:13     | Identified a +0 hand axe
 24138 | D:13     | Identified a +0 chain mail
 24139 | D:13     | Identified a +0 mace
 24208 | D:13     | Identified a +0 shortbow
 24324 | D:13     | Identified a +0 quarterstaff of crushing
 24324 | D:13     | Identified a +0 robe
 24324 | D:13     | Noticed Jorgrun
 24351 | D:13     | Identified a +0 giant club
 24352 | D:13     | Identified a +0 war axe
 24353 | D:13     | Killed Jorgrun
 24353 | D:13     | Identified a +0 mace
 24353 | D:13     | Identified a +0 ring mail
 24354 | D:13     | Identified a +0 hand axe
 24354 | D:13     | Identified a +0 leather armour
 24355 | D:13     | Identified a +0 battleaxe of electrocution
 24355 | D:13     | Identified a +0 plate armour
 24432 | D:13     | Reached skill level 2 in Armour
 24474 | D:13     | Identified a +0 ring mail
 24476 | D:13     | Identified a +0 scimitar
 24476 | D:13     | Identified a +0 chain mail
 24479 | D:13     | Identified a +0 hand axe
 24483 | D:13     | Identified a +0 glaive
 24483 | D:13     | Identified a +0 chain mail
 24485 | D:13     | Identified a +0 dagger
 24485 | D:13     | Identified a +0 leather armour
 24486 | D:13     | Identified a +0 giant club
 24491 | D:13     | Identified a +0 flail
 24491 | D:13     | Identified a +0 plate armour
 24497 | D:13     | Identified a +0 flail
 24497 | D:13     | Identified a +0 ring mail
 24504 | D:13     | Identified a cursed -3 flail
 24506 | D:13     | Identified a +0 club
 24506 | D:13     | Identified a +0 leather armour
 24509 | D:13     | Identified a +0 dagger
 24509 | D:13     | Identified a +0 chain mail
 24513 | D:13     | Identified a +0 hand axe
 24513 | D:13     | Identified a +0 plate armour
 24514 | D:13     | Identified a +0 trident
 24517 | D:13     | Identified a +1 mace of holy wrath
 24524 | D:13     | Identified a +0 short sword
 24524 | D:13     | Identified a +0 leather armour
 24526 | D:13     | Identified a +2 mace of protection
 24529 | D:13     | Identified a +0 giant spiked club
 24536 | D:13     | Identified a +0 mace
 24536 | D:13     | Identified a +0 chain mail
 24557 | D:13     | Found a roughly hewn altar of Beogh.
 24651 | D:13     | Identified a +0 giant spiked club
 24651 | D:13     | Identified a +0 robe
 24651 | D:13     | Noticed Erolcha
 24790 | D:13     | Found a roughly hewn altar of Beogh.
 24790 | D:13     | Identified a +0 club
 24790 | D:13     | Identified a +0 leather armour
 24790 | D:13     | Identified a +0 war axe
 24790 | D:13     | Identified a +2 falchion of holy wrath
 24790 | D:13     | Identified a +0 scale mail
 24903 | D:13     | Identified a +0 short sword
 25002 | D:13     | Identified a cursed +3 mace
 25002 | D:13     | Identified a +0 robe
 25058 | D:13     | Identified a +0 shortbow
 25060 | D:13     | Identified a cursed -2 shortbow
 25075 | D:13     | Reached skill level 8 in Evocations
 25092 | D:13     | Identified a +0 short sword
 25093 | D:13     | Identified a +0 dagger
 25093 | D:13     | Identified a +0 robe
 25129 | D:13     | Identified a cursed -3 morningstar
 25142 | D:13     | Identified a +0 hand axe
 25161 | D:13     | Identified a +0 longbow
 25369 | D:13     | Killed Erolcha
 25418 | D:13     | Identified a +0 dagger
 25418 | D:13     | Identified a +2 cloak of magic resistance
 25418 | D:13     | Noticed Maurice
 25431 | D:13     | Killed Maurice
 25520 | D:14     | Identified a +0 war axe
 25520 | D:14     | Identified a +0 leather armour
 25520 | D:14     | Identified a cursed +0 shield
 25676 | D:14     | Identified a cursed -3 great sword
 25676 | D:14     | Identified a +0 ring mail
 25686 | D:14     | Reached skill level 3 in Stealth
 25692 | D:14     | Identified a +2 buckler
 25759 | D:14     | Identified a ring of magical power (You found it on level
                  | 14 of the Dungeon)
 25786 | D:14     | Identified a +0 shortbow
 25786 | D:14     | Identified a +0 shortbow
 25786 | D:14     | Identified a +0 shortbow
 25786 | D:14     | Identified a +0 shortbow
 25787 | D:14     | Identified a +0 shortbow
 25939 | D:14     | Identified a +0 shortbow
 26074 | D:14     | Reached skill level 12 in Fighting
 26124 | D:14     | Found the +9 staff of Olgreb {rPois}
 26324 | D:15     | Entered Level 15 of the Dungeon
 26333 | D:15     | Found a white marble altar of Elyvilon.
 26349 | D:15     | Identified a +0 shortbow
 26349 | D:15     | Identified a +0 shortbow
 26349 | D:15     | Identified a +0 shortbow
 26537 | D:15     | Identified a +0 giant spiked club
 26537 | D:15     | Identified a +0 giant club
 26554 | D:15     | Reached skill level 10 in Throwing
 26999 | D:15     | Found a staircase to the Depths.
 27418 | D:10     | Identified a potion of ambrosia
 27960 | Swamp:1  | Entered Level 1 of the Swamp
 28202 | Swamp:1  | Identified a +0 spear
 28272 | Swamp:1  | Found a frozen archway.
 28281 | IceCv    | Entered an ice cave
 28459 | IceCv    | Reached skill level 14 in Unarmed Combat
 28637 | IceCv    | HP: 33/157 [iron troll simulacrum (19)]
 28639 | IceCv    | HP: 16/157 [iron troll simulacrum (14)]
 28639 | IceCv    | HP: 6/157 [iron troll simulacrum (10)]
 29059 | IceCv    | Reached XP level 16. HP: 165/165 MP: 17/17
 29215 | IceCv    | Found the +8 storm bow {elec, penet}
 29258 | IceCv    | HP: 32/166 [something] (10)]
 29911 | IceCv    | Identified a ring of positive energy (You found it in an
                  | ice cave)
 29932 | IceCv    | Identified a +1 robe of cold resistance (You found it in an
                  | ice cave)
 30026 | IceCv    | Identified a scroll of blinking
 30128 | Swamp:1  | Reached skill level 8 in Dodging
 30337 | Swamp:1  | Identified +0 swamp dragon scales
 30348 | Swamp:1  | Identified a +0 quarterstaff
 30348 | Swamp:1  | Identified a +0 scale mail
 30357 | Swamp:1  | HP: 35/166 [spriggan rider/+0 quarterstaff (20)]
 30670 | Swamp:1  | Reached skill level 3 in Armour
 30960 | D:10     | Identified 2 scrolls of brand weapon
 31337 | Swamp:2  | Identified Roxanne's Collected Works on Changing
 31337 | Swamp:2  | Noticed Roxanne
 31345 | Swamp:2  | Killed Roxanne
 31437 | Swamp:2  | Identified a +0 spear
 31548 | Swamp:2  | Identified a +0 quarterstaff
 31548 | Swamp:2  | Identified a +0 robe
 31769 | Swamp:2  | Reached skill level 4 in Armour
 32652 | Swamp:3  | Noticed a thorn hunter
 32663 | Swamp:3  | Killed a thorn hunter
 32680 | Swamp:3  | Reached skill level 11 in Throwing
 32681 | Swamp:3  | Reached skill level 15 in Unarmed Combat
 32820 | Swamp:3  | Noticed a thorn hunter
 32841 | Swamp:3  | Killed a thorn hunter
 32969 | Swamp:3  | Identified a ring of strength (You found it on level 3 of
                  | the Swamp)
 32993 | Swamp:3  | Identified a +0 spear
 33013 | Swamp:3  | HP: 39/167 [tyrant leech (21)]
 33018 | Swamp:3  | HP: 28/167 [tyrant leech (2)]
 33498 | Swamp:4  | Entered Level 4 of the Swamp
 33634 | Swamp:4  | Identified +0 swamp dragon scales
 33665 | Swamp:4  | Reached XP level 17. HP: 175/175 MP: 18/18
 33772 | Swamp:4  | Identified a +0 quarterstaff
 33772 | Swamp:4  | Identified a +0 robe
 33784 | Swamp:4  | Reached skill level 9 in Dodging
 33787 | Swamp:3  | Identified 2 scrolls of amnesia
 33821 | Swamp:3  | Identified +0 swamp dragon scales
 33959 | Swamp:4  | Identified +0 swamp dragon scales
 33973 | Swamp:4  | Identified 2 scrolls of enchant armour
 33974 | Swamp:4  | Identified 2 scrolls of random uselessness
 33976 | Swamp:4  | Identified 2 scrolls of torment
 34019 | Swamp:4  | Got a decaying rune of Zot
 34742 | Slime:1  | Entered Level 1 of the Pits of Slime
 34747 | Slime:1  | Noticed an acid blob
 34772 | Lair:5   | Killed an acid blob
 35331 | Slime:2  | Noticed an acid blob
 35331 | Slime:2  | HP: 36/175 [azure jelly (43)]
 35334 | Slime:1  | HP: 3/175 [azure jelly (35)]
 35728 | Orc:2    | Bought an uncursed ring of protection from cold for 350
                  | gold pieces
 35964 | Slime:1  | Killed an acid blob
 36019 | Slime:2  | HP: 39/175 [disintegration (16)]
 36021 | Slime:2  | HP: 17/175 [slime creature (4)]
 36023 | Slime:2  | HP: 4/175 [slime creature (13)]
 36024 | Slime:2  | Splashed with acid

Table legend:
 A = Turns spent in this place as a percentage of turns spent in the entire game.
 B = Non-inter-level travel turns spent in this place as a percentage of non-inter-level travel turns spent in the entire game.
 C = Inter-level travel turns spent in this place as a percentage of turns spent in this place.
 D = Turns resting spent in this place as a percentage of non-inter-level travel turns spent in this place.
 E = Turns spent auto-exploring this place as a percentage of non-inter-level travel turns spent in this place.
 F = Non-inter-level travel turns spent in this place divided by the number of levels of this place that you've seen.
                   A       B       C       D       E      F
               +-------+-------+-------+-------+-------+----------------------
         Total | 100.0 | 100.0 |   8.1 |  16.6 |  52.3 | 1067.9
       Dungeon |  43.8 |  42.8 |  10.0 |  13.5 |  61.7 | 945.6
          Lair |  28.7 |  28.6 |   8.2 |  18.3 |  53.7 | 1579.7
         Swamp |  13.2 |  13.5 |   5.7 |  22.8 |  41.5 | 1119.8
    Slime Pits |   1.6 |   1.8 |   0.2 |   4.6 |  34.3 | 295.5
  Orcish Mines |   7.4 |   7.4 |   8.3 |  10.5 |  43.2 | 1221.0
      Ice Cave |   5.0 |   5.5 |   0.0 |  30.4 |  18.6 | 1805.0
      Gauntlet |   0.4 |   0.4 |   0.0 |   0.0 |   0.0 | 127.0
               +-------+-------+-------+-------+-------+----------------------

Table legend:
 A = Kills in this place as a percentage of kills in entire the game.
 B = Kills by you in this place as a percentage of kills by you in the entire game.
 C = Kills by friends in this place as a percentage of kills by friends in the entire game.
 D = Other kills in this place as a percentage of other kills in the entire game.
 E = Experience gained in this place as a percentage of experience gained in the entire game.
 F = Experience gained in this place divided by the number of levels of this place that you have seen.
                   A       B       C       D       E      F
               +-------+-------+-------+-------+-------+----------------------
         Total | 100.0 | 100.0 | 100.0 | 100.0 | 100.0 | 8021.3
       Dungeon |  41.1 |  41.9 |   7.4 | 100.0 |  24.8 | 4103.9
          Lair |  20.3 |  20.4 |  18.5 |   0.0 |  27.5 | 11399.3
         Swamp |  17.9 |  17.2 |  48.1 |   0.0 |  33.0 | 20518.8
    Slime Pits |   1.9 |   2.0 |   0.0 |   0.0 |   3.9 | 4798.0
  Orcish Mines |  13.2 |  13.2 |  14.8 |   0.0 |   6.5 | 8050.5
      Ice Cave |   5.5 |   5.4 |  11.1 |   0.0 |   4.4 | 10934.0
               +-------+-------+-------+-------+-------+----------------------

Skill      XL: |  1  2  3  4  5  6  7  8  9 10 11 12 13 14 15 16 17 |
---------------+----------------------------------------------------+-----
Unarmed Combat | 1 2 3 4 5 6 8 9 10 11 13 14 15 | 15.6
Fighting       | 2 3 4 5 6 7 8 9 10 11 12 | 12.6
Dodging        | 2 3 4 5 6 7 8 9 |  9.6
Stealth        | 1 2 3 |  3.9
Throwing       | 4 5 6 7 8 9 10 11 | 11.6
Invocations    | 1 3 4 5 6 7 8 9 |  9.9
Evocations     | 2 3 5 6 7 8 |  8.6
Armour         | 1 2 4 |  4.9

Action                   |  1- 3 |  4- 6 |  7- 9 | 10-12 | 13-15 | 16-18 || total
-------------------------+-------+-------+-------+-------+-------+-------++-------
Melee: Unarmed           |    61 |   115 |   312 |   365 |  1466 |   709 ||  3028
       Punch             |       |     2 |     7 |    21 |    96 |    80 ||   206
Throw: Large rock        |     2 |     2 |    17 |    41 |    66 |    24 ||   152
       Stone             |    74 |       |       |     7 |       |       ||    81
       Boomerang         |       |    78 |   199 |    70 |   367 |   282 ||   996
       Javelin           |       |     2 |     2 |    14 |    53 |    20 ||    91
       Dart              |       |       |       |   208 |   134 |       ||   342
Invok: Lesser Servant of |       |       |     1 |     2 |    11 |     5 ||    19
       Minor Destruction |       |       |     1 |       |       |       ||     1
       Greater Servant o |       |       |       |       |       |     1 ||     1
 Abil: Evoke Invisibilit |       |       |       |     3 |     8 |     4 ||    15
Evoke: Wand              |       |       |     2 |     6 |    13 |    15 ||    36
       Lamp of fire      |       |       |       |       |     1 |       ||     1
  Use: Scroll            |       |     1 |     7 |    10 |    11 |    13 ||    42
       Potion            |       |       |     3 |     2 |     2 |    12 ||    19
 Stab: Sleeping          |       |       |     2 |       |     3 |     1 ||     6
       Invisible         |       |       |       |     3 |    11 |     9 ||    23
       Petrified         |       |       |       |       |     5 |       ||     5
       Petrifying        |       |       |       |       |     1 |       ||     1
       Distracted        |       |       |       |       |     3 |       ||     3
       Confused          |       |       |       |       |     1 |       ||     1
       Paralysed         |       |       |       |       |       |     2 ||     2
  Eat: Chunk             |    14 |    15 |    41 |    61 |   117 |    23 ||   271
       Ration            |       |       |       |     1 |     4 |    13 ||    18
Armor: Robe              |    22 |    26 |   107 |   118 |   227 |       ||   500
       Acid dragon scale |       |       |       |       |   204 |   327 ||   531
       Skin              |       |       |       |       |       |   167 ||   167
       Swamp dragon scal |       |       |       |       |       |    19 ||    19
Dodge: Dodged            |    30 |    38 |   167 |   177 |   961 |   672 ||  2045
Block: Other             |       |       |    26 |    35 |   219 |   139 ||   419

Vanquished Creatures
  Jorgrun (D:13)
  Rupert (Lair:6)
  2 acid blobs
  3 thorn hunters
  Kirke (D:12)
  Roxanne (Swamp:2)
  An azure jelly (Slime:1)
  An orc warlord (Orc:2)
  A ghoul (Swamp:2)
  2 ettins
  2 blizzard demons (IceCv)
  2 fire dragons
  Josephine (Lair:5)
  An ice dragon (D:15)
  Erolcha (D:13)
  A vault guard (D:13)
  25 hydras
  2 ghost crabs
  A catoblepas (Lair:2)
  A shambling mangrove (Swamp:2)
  3 two-headed ogres
  7 centaur warriors
  8 alligators
  2 tengu warriors (D:14)
  4 death yaks
  An orc high priest (Orc:2)
  Urug (Lair:5)
  A skeletal warrior (D:13)
  2 spriggan druids
  A wizard (D:13)
  15 swamp dragons
  An unseen horror (D:12)
  A phantasmal warrior (D:13)
  A harpy (shapeshifter) (D:13)
  A lindwurm (D:13)
  An ugly thing (D:11)
  4 orc knights
  A wolf spider zombie (D:14)
  3 cyclopes
  2 shining eyes
  An orc sorcerer (Orc:1)
  3 manticores
  15 elephants
  An ice statue (IceCv)
  A black mamba (Lair:4)
  Maurice (D:13)
  A molten gargoyle (Orc:1)
  A gargoyle (D:13)
  A guardian serpent (Lair:2)
  4 centaur skeletons
  17 spiny frogs
  10 rime drakes
  4 anaconda simulacra (IceCv)
  3 freezing wraiths (IceCv)
  10 komodo dragons
  7 ice devils (IceCv)
  3 golden dragon simulacra (IceCv)
  3 tengu conjurers
  A meliai (shapeshifter) (D:10)
  A queen bee (shapeshifter) (D:15)
  10 trolls
  8 polar bears (Lair:6)
  16 hornets
  15 tyrant leeches
  Grinder (D:5)
  3 blink frogs (Lair:5)
  56 slime creatures
  16 hippogriffs
  15 dream sheep
  12 bog bodies
  18 spriggans
  4 wraiths
  A vampire (D:13)
  A shadow (Swamp:2)
  A basilisk (shapeshifter) (D:13)
  31 yaks
  16 wyverns
  7 basilisks
  A golden eye (Slime:2)
  A hungry ghost (D:13)
  A steam dragon (D:14)
  22 vampire mosquitoes
  Menkaure (D:5)
  3 iron troll simulacra (IceCv)
  6 harpy simulacra (IceCv)
  17 insubstantial wisps
  12 swamp worms
  2 wargs
  Edmund (D:6)
  2 soldier ants (D:13)
  An acid dragon (D:13)
  2 hydra simulacra (IceCv)
  Duvessa (D:6)
  5 water moccasins
  41 orc warriors
  8 porcupines
  7 ice beasts
  12 swamp drakes
  A sky beast (D:13)
  A phantom (D:9)
  5 black bears
  An alligator simulacrum (IceCv)
  5 necrophages
  4 boggarts (Lair:6)
  16 wolves (Lair:6)
  13 ogres
  An eye of draining (D:13)
  12 centaurs
  11 crocodiles
  A big kobold (D:13)
  A wyvern zombie (D:7)
  Dowan (D:6)
  17 bullfrogs
  A wyvern skeleton (D:14)
  5 scorpions
  10 killer bees
  An elephant simulacrum (IceCv)
  A wight (D:13)
  6 howler monkeys
  7 crimson imps
  7 jellies
  3 draconian simulacra (IceCv)
  A lava snake (Lair:2)
  A quasit (D:9)
  5 centaur zombies
  8 hounds
  25 orc priests
  7 bullfrog skeletons
  36 orc wizards
  Crazy Yiuf (D:7)
  3 iguanas
  10 worker ants
  4 hell rats (Lair:5)
  2 troll simulacra (IceCv)
  A hound zombie (D:4)
  A howler monkey zombie (D:9)
  A worker ant zombie (D:7)
  15 adders
  A howler monkey skeleton (D:4)
  2 ogre simulacra (IceCv)
  3 shadow imps
  11 white imps (IceCv)
  6 ufetubi (IceCv)
  2 oozes
  An adder zombie (D:8)
  2 worms
  4 dart slugs (D:1)
  3 leopard geckos
  127 orcs
  2 ball pythons
  5 giant cockroaches
  6 goblins
  2 hobgoblins
  24 jackals
  9 kobolds
  2 quokkas
  8 bats
  4 frilled lizards
  9 rats
  A briar patch (Swamp:3)
  3 fungi
  9 plants
1074 creatures vanquished.

Vanquished Creatures (collateral kills)
  An orc warlord (Orc:2)
  3 hydras (Swamp:4)
  A shambling mangrove (Swamp:4)
  A death yak (Lair:5)
  2 elephants (Lair:4)
  2 hornets (Swamp:4)
  A hippogriff (Lair:5)
  A yak (Lair:5)
  An iron troll simulacrum (IceCv)
  A swamp worm (Swamp:4)
  4 insubstantial wisps (Swamp:4)
  2 swamp drakes (Swamp:4)
  An orc warrior (Orc:2)
  2 killer bees (D:8)
  An orc priest (Orc:2)
  A spriggan simulacrum (IceCv)
  An ogre simulacrum (IceCv)
  An orc (Orc:2)
27 creatures vanquished.

Vanquished Creatures (others)
  A skeletal warrior (D:13)
  A slime creature (Swamp:1)
  2 humans (D:12)
  A worker ant (D:13)
  A bush (Lair:6)
  8 fungi
  8 plants
22 creatures vanquished.

Grand Total: 1123 creatures vanquished
